 Dungeon Crawl Stone Soup version 0.20.0-15-g7f486f2 (webtiles) character file.

200 grindst0ne the Sneak (level 5, -1/36 HPs)
             Began as an Octopode Assassin on June 11, 2017.
             Was an Initiate of Trog.
             Slain by an orc wizard
             ... wielding a +0 dagger
              (4 damage)
             ... on level 4 of the Dungeon.
             The game lasted 00:08:21 (3105 turns).

grindst0ne the Sneak (Octopode Assassin)            Turns: 3105, Time: 00:08:21

Health: -1/36      AC:  1    Str: 10    XL:     5   Next: 79%
Magic:  0/5        EV: 13    Int: 13    God:    Trog [......]
Gold:   208        SH:  0    Dex: 15    Spells: 4/4 levels left

rFire    . . .     SeeInvis .   a - +2 dagger
rCold    . . .     Gourm    .   (no shield)
rNeg     . . .     Faith    .   (helmet restricted)
rPois    .         Spirit   +   v - amulet of guardian spirit
rElec    .         Reflect  .   (no ring)
rCorr    .         Harm     .   (no ring)
MR       .....                  (no ring)
Stlth    ++++......             (no ring)
Regen    0.2/turn               (no ring)
MPRegen  0.1/turn               (no ring)
                                (no ring)
                                (no ring)

@: no status effects
A: almost no armour, stealthy swim, amphibious, 8 rings, constrict 8, camouflage
1, gelatinous body 1
a: Burn Spellbooks, Renounce Religion


You were on level 4 of the Dungeon.
You worshipped Trog.
Trog was noncommittal.
You were very full.

You visited 2 branches of the dungeon, and saw 5 of its levels.

You collected 208 gold pieces.

Inventory:

Hand Weapons
 a - a +2 dagger (weapon)
 b - a +0 blowgun
Missiles
 c - 20 poisoned needles
 d - 2 curare-tipped needles
Armour
 h - a +1 buckler
Jewellery
 q - an uncursed amulet of the gourmand
 v - an amulet of guardian spirit (around mantle)
Scrolls
 i - a scroll of blinking {unknown}
 j - a scroll of recharging {unknown}
 k - a scroll of fog {unknown}
 p - a scroll of immolation {unknown}
 w - a scroll of fear {unknown}
Potions
 e - a potion of magic
 m - a potion of ambrosia
 o - 2 potions of curing
Comestibles
 f - 3 bread rations
 l - a chunk of flesh
 r - 2 meat rations
 s - 3 fruits


   Skills:
 + Level 3.4 Fighting
 + Level 3.3 Short Blades
 + Level 3.1 Throwing
 - Level 1.0 Dodging
 + Level 6.7 Stealth


You had 4 spell levels left.
You didn't know any spells.

Dungeon Overview and Level Annotations

Branches:
Dungeon (4/15)             Temple (1/1) D:4

Altars:
Ashenzari
Elyvilon
Fedhas
Hepliaklqana
Kikubaaqudgha
Makhleb
Nemelex Xobeh
Okawaru
Ru
Sif Muna
Trog
Vehumet
Xom
Yredelemnul
Zin


Innate Abilities, Weirdness & Mutations

You cannot wear most types of armour.
You are very stealthy in the water. (Stealth+)
You are amphibious.
You can wear up to eight rings at the same time.
You can use your tentacles to constrict eight enemies at once.
Your skin changes colour to match your surroundings (Stealth+).
Your rubbery body absorbs attacks. (AC +1, EV +1)


Message History

The magic dart hits you! Something hits you but does no damage.
Something hits you but does no damage.
You're too confused to move!
You feel less confused.
You hear some strange, mumbled words.
A puff of frost appears from out of thin air!
The puff of frost misses you. Something hits you. Something hits you.
* * * LOW HITPOINT WARNING * * *
Something hits you!
* * * LOW HITPOINT WARNING * * *
Something hits you.
* * * LOW HITPOINT WARNING * * *
Something barely misses you. The orc barely misses you.
The orc wizard casts a spell at you. You resist with some effort.
The orc hits you.
* * * LOW HITPOINT WARNING * * *
Something hits you.
You die...

... ###..# ######### .....
....... ...# ##...## #..#
#.....##### #..#
#..........
######..######....o#####
...............o..## .#
######.########@## .. #.#
#.# ## #{#
#.################ #.#
#.................
#o########.################
#.....o.)).# ############


You could see an orc wizard and an orc.

Vanquished Creatures
  An orc priest (D:3)
  Crazy Yiuf (D:2)
  An orc wizard (D:3)
  A gnoll (D:4)
  An adder (D:3)
  3 oozes
  4 worms
  2 dart slugs
  5 leopard geckos
  5 orcs
  A giant cockroach (D:1)
  6 goblins
  7 hobgoblins
  7 jackals
  2 kobolds
  A quokka (D:4)
  5 bats
  6 frilled lizards
  7 rats
  A fungus (D:2)
67 creatures vanquished.

Notes
Turn   | Place    | Note
-------+----------+-------------------------------------------
     0 | D:1      | grindst0ne the Octopode Assassin began the quest for the Orb.
     0 | D:1      | Reached XP level 1. HP: 14/14 MP: 1/1
   269 | D:1      | Reached XP level 2. HP: 11/19 MP: 2/2
   872 | D:1      | Reached XP level 3. HP: 25/25 MP: 3/3
  1518 | D:2      | Reached XP level 4. HP: 30/30 MP: 4/4
  1589 | D:2      | Reached skill level 6 in Stealth
  1836 | D:2      | Found a runed door.
  1840 | D:2      | Noticed Crazy Yiuf
  1844 | D:2      | Killed Crazy Yiuf
  2019 | D:3      | Found a sparkling altar of Nemelex Xobeh.
  2102 | D:3      | Reached XP level 5. HP: 36/36 MP: 5/5
  2544 | D:3      | Found a sacrificial altar of Ru.
  2877 | D:4      | Found a staircase to the Ecumenical Temple.
  2887 | Temple   | Entered the Ecumenical Temple
  2995 | Temple   | Became a worshipper of Trog the Wrathful
  3105 | D:4      | Slain by an orc wizard

Skill      XL: |  1  2  3  4  5 |
---------------+----------------+-----
Stealth        | 6 |  6.7
Fighting       | 3 |  3.4
Short Blades   | 3 |  3.3
Throwing       | 3 |  3.1
Dodging        | |  1.0

Action                   |  1- 3 |  4- 6 || total
-------------------------+-------+-------++-------
Melee: Dagger            |    57 |    71 ||   128
       Constrict         |    12 |    16 ||    28
       Tentacles         |    10 |    17 ||    27
  Use: Scroll            |       |     5 ||     5
 Stab: Sleeping          |    15 |    12 ||    27
  Eat: Chunk             |     2 |    15 ||    17
Armor: Skin              |     2 |     1 ||     3
Dodge: Dodged            |    21 |    43 ||    64
